 Dungeon Crawl Stone Soup version 0.28.0-43-g3370ac3207 (webtiles) character file.

Game seed: 4484814679958538881

66 Ablot the Grasshopper (level 4, -2/38 HPs)
             Began as a Gnoll Warper on Mar 24, 2022.
             Killed from afar by an orc wizard (8 damage)
             ... with a puff of flame
             ... on level 3 of the Dungeon.
             The game lasted 00:02:31 (2060 turns).

Ablot the Grasshopper (Gnoll Warper)                Turns: 2060, Time: 00:02:32

Health: -2/38      AC:  4    Str: 12    XL:     4   Next: 15%
Magic:  11/11      EV: 13    Int: 12    God:
Gold:   39         SH:  0    Dex: 12    Spells: 11/13 levels left

rFire   . . .      SeeInvis .   a - +0 spear
rCold   . . .      Faith    .   (no shield)
rNeg    . . .      Spirit   .   b - +0 leather armour
rPois   .          Reflect  .   (no helmet)
rElec   .          Harm     .   (no cloak)
rCorr   .          Rampage  .   g - +0 pair of gloves
Will    .....                   (no boots)
Stlth   +.........              (no amulet)
HPRegen 0.12/turn               (no ring)
MPRegen 0.12/turn               (no ring)

@: confused
A: fangs 1, strong nose, distributed training
a: no special abilities


You were on level 3 of the Dungeon.
You visited 1 branch of the dungeon, and saw 3 of its levels.

You collected 39 gold pieces.

Inventory:

Hand Weapons
 a - a +0 spear (weapon)
Missiles
 d - 5 boomerangs of dispersal
 e - 112 stones
 h - 5 poisoned darts (quivered)
 j - 18 arrows
Armour
 b - a +0 leather armour (worn)
 g - a +0 pair of gloves (worn)
Scrolls
 c - a scroll of blinking
 f - 2 scrolls of fog {unknown}
 k - 2 scrolls of teleportation {unknown}
 l - a scroll of immolation {unknown}
Potions
 i - a potion of heal wounds {unknown}
 m - a potion of brilliance {unknown}
 n - a potion of haste {unknown}


   Skills:
 + Level 4.6 Fighting
 + Level 1.0 Short Blades
 + Level 1.0 Long Blades
 + Level 1.0 Axes
 + Level 1.0 Maces & Flails
 + Level 4.6 Polearms
 + Level 1.0 Staves
 + Level 1.0 Slings
 + Level 1.0 Bows
 + Level 1.0 Crossbows
 + Level 2.7 Throwing
 + Level 2.7 Armour
 + Level 4.6 Dodging
 + Level 1.0 Stealth
 + Level 1.0 Shields
 + Level 1.0 Unarmed Combat
 + Level 5.0 Spellcasting
 + Level 0.8 Conjurations
 + Level 0.8 Hexes
 + Level 0.8 Summonings
 + Level 0.8 Necromancy
 + Level 5.4 Translocations
 + Level 0.8 Transmutations
 + Level 0.8 Fire Magic
 + Level 0.8 Ice Magic
 + Level 0.8 Air Magic
 + Level 0.8 Earth Magic
 + Level 0.8 Poison Magic
 + Level 1.1 Invocations
 + Level 1.0 Evocations


You had 11 spell levels left.
You knew the following spells:

 Your Spells              Type           Power      Damage    Failure   Level
a - Blink                 Tloc           32%        N/A       4%          2

Your spell library contained the following spells:

 Spells                   Type           Power      Damage    Failure   Level
 Gell's Gravitas          Tloc           16%        N/A       9%          3
 Lesser Beckoning         Tloc           16%        N/A       9%          3
 Teleport Other           Tloc           16%        N/A       9%          3
 Manifold Assault         Tloc           16%        N/A       58%         5


Dungeon Overview and Level Annotations

Branches:
Dungeon (3/15)

Altars:
Okawaru

Shops:
D:1 *   D:2 [


Innate Abilities, Weirdness & Mutations

You have very sharp teeth.
Your uncanny sense of smell can sniff out nearby items.
Your experience applies equally to all skills.


Message History

You hear some strange, mumbled words.
Something tries to affect you, but you resist.
The kobold throws a stone.
The stone hits you.
You bump into the rock wall.
Something hits you.
The kobold throws a stone.
The stone closely misses you.
You bump into the rock wall.
Something hits you.
The kobold throws a stone.
The stone hits you but does no damage.
A magic dart appears from out of thin air!
The magic dart hits you.
* * * LOW HITPOINT WARNING * * *
You bump into the rock wall.
You hit something but do no damage. Something hits you but does no damage.
You miss something. Something hits you but does no damage.
You closely miss something.
You're too confused to move!
The kobold closely misses you. Something barely misses you.
The kobold hits you but does no damage.
You miss something. Your bite misses something.
Something hits you but does no damage. The kobold hits you but does no damage.
The kobold throws a stone.
The stone misses you. Something hits you.
* * * LOW HITPOINT WARNING * * *
You hit something. Something hits you but does no damage.
You miss the kobold.
The kobold is severely wounded.
The kobold hits you but does no damage. Something hits you but does no damage.
You bump into the rock wall.
The kobold barely misses you. Something hits you.
* * * LOW HITPOINT WARNING * * *
The kobold hits you with a +1 dagger of speed.
* * * LOW HITPOINT WARNING * * *
You bump into the rock wall.
You feel less confused. The kobold barely misses you.
You hit the kobold.
You kill the kobold!
You hear some strange, mumbled words.
You are confused.
You bump into the rock wall.
You hear some strange, mumbled words.
A puff of flame appears from out of thin air!
The puff of flame hits you!
You die...

#.##.[. #.#.... #.#....
######.#.##. #...........
#.#....<..## #########
#.#..###..## #.......#
#.#..###....
#.#####@#####......##.## #.
####)##.......#.##.## #.
#)).{.....#.#.#......
#.#.#.##.##.##....###.......
#r.......##.##.....#.######.
###.#.......##..#.#..# .
##########.......# .
#......## ##.....#


There were no monsters in sight!

Vanquished Creatures
  An adder (D:2)
  A worm (D:2)
  4 orcs (D:3)
  9 bats
  4 endoplasms
  4 goblins
  6 hobgoblins
  2 quokkas (D:1)
  5 ball pythons
  2 frilled lizards
  7 kobolds
  5 rats
50 creatures vanquished.

Notes
Turn   | Place    | Note
-------+----------+-------------------------------------------
     0 | D:1      | Ablot the Gnoll Warper began the quest for the Orb.
     0 | D:1      | Reached XP level 1. HP: 20/20 MP: 6/6
   161 | D:1      | Found a faded altar of an unknown god.
   206 | D:1      | Reached XP level 2. HP: 15/26 MP: 7/7
   211 | D:1      | Learned a level 2 spell: Blink
   671 | D:1      | Found Huguopp's Assorted Antiques.
   816 | D:1      | Found an iron altar of Okawaru.
   933 | D:1      | Reached XP level 3. HP: 31/31 MP: 9/9
  1164 | D:2      | Reached skill level 5 in Spellcasting
  1366 | D:2      | Reached skill level 1 in Invocations
  1592 | D:2      | Found Rajyudao's Armour Shoppe.
  1706 | D:2      | Reached skill level 1 in Short Blades
  1706 | D:2      | Reached skill level 1 in Long Blades
  1706 | D:2      | Reached skill level 1 in Axes
  1706 | D:2      | Reached skill level 1 in Maces & Flails
  1706 | D:2      | Reached skill level 1 in Staves
  1706 | D:2      | Reached skill level 1 in Slings
  1706 | D:2      | Reached skill level 1 in Bows
  1706 | D:2      | Reached skill level 1 in Crossbows
  1706 | D:2      | Reached skill level 1 in Stealth
  1706 | D:2      | Reached skill level 1 in Shields
  1706 | D:2      | Reached skill level 1 in Unarmed Combat
  1706 | D:2      | Reached skill level 1 in Evocations
  1849 | D:3      | Reached XP level 4. HP: 31/38 MP: 11/11
  2060 | D:3      | Killed from afar by an orc wizard

Illustrated notes

Levels and vault maps discovered:
D:1:      sevenhm_arrival_forest_fort_small_6, layout_loops_ring,
          shapermc_ecumenical_altar_petra, serial_shops, shop
D:2:      layout_rooms, serial_shops, shop, grunt_decor_junction
D:3:      layout_loops_cross

Skill      XL: |  1  2  3 |
---------------+----------+-----
Spellcasting   | 5 |  5.0
Invocations    | 1 |  1.1
Short Blades   | 1 |  1.0
Long Blades    | 1 |  1.0
Axes           | 1 |  1.0
Maces & Flails | 1 |  1.0
Staves         | 1 |  1.0
Slings         | 1 |  1.0
Bows           | 1 |  1.0
Crossbows      | 1 |  1.0
Stealth        | 1 |  1.0
Shields        | 1 |  1.0
Unarmed Combat | 1 |  1.0
Evocations     | 1 |  1.0
Fighting       | |  4.6
Polearms       | |  4.6
Throwing       | |  2.7
Armour         | |  2.7
Dodging        | |  4.6
Conjurations   | |  0.8
Hexes          | |  0.8
Summonings     | |  0.8
Necromancy     | |  0.8
Translocations | |  5.4
Transmutations | |  0.8
Fire Magic     | |  0.8
Ice Magic      | |  0.8
Air Magic      | |  0.8
Earth Magic    | |  0.8
Poison Magic   | |  0.8

Action                   |  1- 3 |  4- 6 || total
-------------------------+-------+-------++-------
Melee: Spear             |   163 |    44 ||   207
       Bite              |     8 |     1 ||     9
       Punch             |     1 |     1 ||     2
 Stab: Sleeping          |     1 |       ||     1
Armor: Leather armour    |    35 |    17 ||    52
Dodge: Dodged            |    76 |    16 ||    92
